 Dungeon Sprint DCSS version 0.27.1-3-gb3d3a73c9e (webtiles) character file.

Game seed: 14472244709085759929

4496 raph the Brawler (level 10, -35/111 HPs)
             Began as a Troll Berserker on Oct 17, 2021.
             Was a High Priest of Trog.
             Killed from afar by a deep elf knight (48 damage)
             ... with a shard of ice
             ... in the Dungeon (Sprint III: "The Ten Rune Challenge").
             The game lasted 00:04:12 (1257 turns).

raph the Brawler (Troll Berserker)                  Turns: 1257, Time: 00:04:12

Health: -35/111    AC:  5    Str: 27    XL:     10   Next: 16%
Magic:  9/9        EV: 13    Int:  3    God:    Trog [*****.]
Gold:   1092       SH:  5    Dex: 12    Spells: 9/9 levels left

rFire    . . .     SeeInvis .     - Unarmed
rCold    . . .     Faith    .   (no shield)
rNeg     . . .     Spirit   .   a - +0 animal skin
rPois    .         Reflect  +   (helmet restricted)
rElec    .         Harm     .   m - +0 cloak
rCorr    .         Rampage  .   (gloves unavailable)
Will     ++...     NoTele   +   (boots unavailable)
Stlth    +.........             q - amulet of reflection
HPRegen  2.28/turn              (no ring)
MPRegen  0.11/turn              (no ring)

@: strong-willed, on berserk cooldown, regenerating, slowed, very slow
A: large, unfitting armour, claws 3, regeneration 1, shaggy fur 1, tough skin 1
a: Renounce Religion, Berserk, Trog's Hand, Brothers in Arms


You were in the Dungeon.
You worshipped Trog.
Trog was extremely pleased with you.
You visited 1 branch You collected 1452 gold pieces.
You spent 360 gold pieces at shops.

Inventory:

Hand Weapons
 p - a +0 giant club
Armour
 a - a +0 animal skin (worn)
 m - a +0 cloak (worn)
Jewellery
 q - an amulet of reflection (around neck)
Wands
 n - a wand of charming (5)
Scrolls
 g - a scroll of blinking
 h - 3 scrolls of immolation {unknown}
 i - 4 scrolls of identify
 k - a scroll of holy word {unknown}
Potions
 b - 2 potions of curing
 c - a potion of heal wounds
 d - a potion of haste
 e - 2 potions of magic
 f - a potion of berserk rage
 j - 3 potions of flight
 l - a potion of might
Miscellaneous
 o - a condenser vane


   Skills:
 + Level 10.5 Fighting
 + Level 10.5 Dodging
 * Level 16.4 Unarmed Combat


You had 9 spell levels left.
You didn't know any spells.
Your spell library was empty.

Dungeon Overview and Level Annotations

Branches:
Dungeon (1/1)

Altars:
Cheibriados
Dithmenos
Elyvilon
Fedhas
Gozag
Hepliaklqana
Kikubaaqudgha
Makhleb
Nemelex Xobeh
Okawaru
Qazlal
Ru
Sif Muna
Trog
Uskayaw
Vehumet
Wu Jian
Xom
Yredelemnul
Zin
The Shining One
Beogh
Jiyva
Lugonu

Shops:
D =


Innate Abilities, Weirdness & Mutations

You are too large for most types of armour.
You have claws for hands.
Your natural rate of healing is unusually fast.
You are covered in fur. (AC +1)
You have tough skin. (AC +1)


Message History

Your troll burns!
You claw the deep elf pyromancer!
Your claw misses the deep elf pyromancer.
The deep elf pyromancer is almost dead.
Your troll burns!
The deep elf pyromancer hits you with a +0 dagger.
Something hits you!
The deep elf zephyrmancer casts a spell.
The deep elf zephyrmancer blinks!
You miss something. Your claw misses something.
Your troll burns!
Your troll stops burning.
The deep elf pyromancer casts a spell.
Send 'em back where they came from!
Trog shields your ally from puny magic!
You hear some strange, mumbled words.
A deep elf demonologist comes into view.
It is wearing a +0 robe of cold resistance.
The deep elf demonologist shouts!
You claw something!
You hear a shout!
Something hits you!
The deep elf pyromancer hits you with a +0 dagger.
The deep elf zephyrmancer gestures at you while chanting.
The bolt of lightning hits something!!
The bolt of lightning hits you!!
The deep elf demonologist mumbles some strange words.
You block something's attack.
You claw the deep elf pyromancer!
You kill the deep elf pyromancer!
Trog accepts your kill.
Trog appreciates your killing of a magic user.
Something hits you!
The deep elf zephyrmancer gestures wildly while chanting.
The deep elf zephyrmancer blinks!
The deep elf pyromancer gestures at you while chanting.
The bolt of fire hits you!!
* * * LOW HITPOINT WARNING * * *
The bolt of fire hits your troll!
You hear some strange, mumbled words.
A shard of ice appears from out of thin air!
The shard of ice hits you!!!
You die...

▓▓▓▓ ▓▓▓
######..###.#########
#__##.∩#.#....'.#...# e
#)_#))).......#.#...##≈≈
#'##)).......##.#...≈≈≈§
...#))........#.#{..##≈
...#)#..#..####T@)e.#
##'#)##.##.# #######
...#)##############
...#)...#.#.#.....#
...##)#.)#.##)###.#
...'##)#.#.##.#.)##
...#.))#..#..##..†^.....
▓▓▓▓▓▓▓▓▓▓▓▓▓▓▓▓▓#....^.
^..^^.


You could see a deep elf demonologist, a deep elf pyromancer (ally target) and a
friendly troll (summoned, berserk).

Vanquished Creatures
  Erolcha (D)
  An orc high priest (D)
  2 deep elf pyromancers (D)
  An orc sorcerer (D)
  A redback (D)
  A shadow (D)
  A spatial vortex (D)
  2 orc warriors (D)
  A necrophage (D)
  5 two-headed ogres (D)
  A water elemental (D)
  A scorpion (D)
  An orc priest (D)
  A jelly (D)
  A wizard (D)
  2 orc wizards (D)
  A necromancer (D)
  A kobold demonologist (D)
  3 humans (D)
  9 orcs (D)
  A ball python (D)
  4 rats (D)
42 creatures vanquished.

Vanquished Creatures (collateral kills)
  A deep elf pyromancer (D)
  An orc sorcerer (D)
2 creatures vanquished.

Grand Total: 44 creatures vanquished

Notes
Turn   | Place    | Note
-------+----------+-------------------------------------------
     0 | D        | raph the Troll Berserker began the quest for the Orb.
     0 | D        | Reached XP level 1. HP: 22/22 MP: 0/0
    15 | D        | Reached ** piety under Trog
    88 | D        | Reached skill level 4 in Unarmed Combat
    88 | D        | Reached XP level 2. HP: 18/31 MP: 1/1
   142 | D        | Noticed a scorpion
   149 | D        | Killed a scorpion
   150 | D        | Reached skill level 6 in Unarmed Combat
   150 | D        | Reached XP level 3. HP: 39/39 MP: 2/2
   150 | D        | Reached XP level 4. HP: 48/48 MP: 3/3
   218 | D        | Noticed a water elemental
   226 | D        | Killed a water elemental
   226 | D        | Reached *** piety under Trog
   227 | D        | Reached skill level 7 in Unarmed Combat
   227 | D        | Reached XP level 5. HP: 55/55 MP: 4/4
   279 | D        | Found a radiant altar of Vehumet.
   279 | D        | Found a shimmering blue altar of Sif Muna.
   279 | D        | Found an ancient bone altar of Kikubaaqudgha.
   286 | D        | Reached skill level 5 in Fighting
   286 | D        | Reached skill level 5 in Dodging
   286 | D        | Reached skill level 8 in Unarmed Combat
   340 | D        | Found a glowing silver altar of Zin.
   341 | D        | Found a glowing golden altar of the Shining One.
   341 | D        | Found a white marble altar of Elyvilon.
   341 | D        | Noticed a deep elf pyromancer
   347 | D        | Killed a deep elf pyromancer
   347 | D        | Reached **** piety under Trog
   348 | D        | Reached skill level 11 in Unarmed Combat
   348 | D        | Reached XP level 6. HP: 68/68 MP: 5/5
   348 | D        | Reached XP level 7. HP: 76/76 MP: 6/6
   398 | D        | Found a hide-covered altar of Uskayaw.
   398 | D        | Found an iron altar of Okawaru.
   398 | D        | Found a bloodstained altar of Trog.
   398 | D        | Found an ornate altar of the Wu Jian Council.
   398 | D        | Noticed a human
   398 | D        | Noticed a human
   403 | D        | Killed a human
   405 | D        | Killed a human
   406 | D        | Reached skill level 12 in Unarmed Combat
   458 | D        | Found a basalt altar of Yredelemnul.
   458 | D        | Found a shadowy altar of Dithmenos.
   458 | D        | Found a sacrificial altar of Ru.
   465 | D        | Reached ***** piety under Trog
   583 | D        | Noticed a shadow
   589 | D        | Killed a shadow
   590 | D        | Reached XP level 8. HP: 88/88 MP: 7/7
   623 | D        | Found a blossoming altar of Fedhas.
   623 | D        | Found a stormy altar of Qazlal.
   624 | D        | Found a snail-covered altar of Cheibriados.
   624 | D        | Found a burning altar of Makhleb.
   624 | D        | Found a hazy altar of Hepliaklqana.
   624 | D        | Found a shimmering altar of Xom.
   624 | D        | Found an opulent altar of Gozag.
   624 | D        | Found a sparkling altar of Nemelex Xobeh.
   624 | D        | Found a corrupted altar of Lugonu.
   624 | D        | Found a viscous altar of Jiyva.
   841 | D        | Reached skill level 13 in Unarmed Combat
   909 | D        | Found Xopucoff's Jewellery Emporium.
   910 | D        | Noticed an orc sorcerer
   912 | D        | Noticed an orc sorcerer
   912 | D        | Noticed an orc high priest
   913 | D        | Paralysed by an orc sorcerer for 6 turns
   927 | D        | Killed an orc sorcerer
   927 | D        | Received a gift from Trog
   931 | D        | Killed an orc sorcerer
   931 | D        | Received a gift from Trog
   932 | D        | Reached skill level 14 in Unarmed Combat
   932 | D        | Reached XP level 9. HP: 62/98 MP: 8/8
   956 | D        | Reached ****** piety under Trog
   957 | D        | Received a gift from Trog
   962 | D        | Killed an orc high priest
   963 | D        | Reached skill level 15 in Unarmed Combat
  1051 | D        | Bought an amulet of reflection for 360 gold pieces
  1082 | D        | Noticed a two-headed ogre
  1087 | D        | Killed a two-headed ogre
  1160 | D        | Noticed Erolcha
  1160 | D        | Noticed a two-headed ogre
  1167 | D        | Killed Erolcha
  1168 | D        | Reached skill level 10 in Fighting
  1168 | D        | Reached skill level 10 in Dodging
  1172 | D        | Killed a two-headed ogre
  1173 | D        | Reached skill level 16 in Unarmed Combat
  1173 | D        | Reached XP level 10. HP: 75/111 MP: 9/9
  1240 | D        | Noticed a deep elf knight
  1240 | D        | Noticed a deep elf pyromancer
  1240 | D        | Noticed a deep elf pyromancer
  1240 | D        | Noticed a deep elf pyromancer
  1240 | D        | Noticed a deep elf zephyrmancer
  1250 | D        | Killed a deep elf pyromancer
  1250 | D        | Identified the +9 great mace "Duschis" {flame, Dex+3} (Trog
                  | gifted it to you in the Dungeon)
  1250 | D        | Received a gift from Trog
  1255 | D        | Noticed a deep elf demonologist
  1257 | D        | Killed a deep elf pyromancer
  1257 | D        | Killed from afar by a deep elf knight

Illustrated notes

Levels and vault maps discovered:
D:        dungeon_sprint_mu [sprint_mu_entry_forest, sprint_mu_temple_rooms,
          sprint_mu_d1_spiders, sprint_mu_d2_genie, sprint_mu_d3_branching,
          sprint_mu_orc_legion, sprint_mu_elf_gauntlet, sprint_mu_hive_nellie,
          sprint_mu_lair_fedhas, sprint_mu_vaults_butterflies,
          sprint_mu_slime_circle, sprint_mu_shoals_archi,
          sprint_mu_snake_twists, sprint_mu_blade_basic,
          sprint_mu_crypt_chambers, sprint_mu_tomb_spiral,
          sprint_mu_vestibule_basic, sprint_mu_gehenna_hellfire,
          sprint_mu_dis_giant, sprint_mu_tartarus_statrot,
          sprint_mu_cocytus_islands, sprint_mu_zot1]

Skill      XL: |  1  2  3  4  5  6  7  8  9 |
---------------+----------------------------+-----
Fighting       | 3 4 6 7 9 10 | 10.5
Dodging        | 3 4 6 7 9 10 | 10.5
Unarmed Combat | 4 6 7 11 12 14 16 | 16.4

Action                   |  1- 3 |  4- 6 |  7- 9 | 10-12 || total
-------------------------+-------+-------+-------+-------++-------
Melee: Unarmed           |    30 |    18 |    61 |    10 ||   119
       Punch             |       |       |     5 |     1 ||     6
Invok: Berserk           |     2 |     3 |     8 |     1 ||    14
       Trog's Hand       |       |       |     3 |     1 ||     4
       Brothers in Arms  |       |       |     1 |     1 ||     2
Evoke: Condenser vane    |       |       |     1 |       ||     1
Armor: Animal skin       |     5 |       |     3 |       ||     8
Dodge: Dodged            |    13 |     6 |    23 |     2 ||    44
Block: Other             |       |       |       |     1 ||     1
